 Dungeon Crawl Stone Soup version 0.28.0-45-g0d030f2227 (webtiles) character file.

Game seed: 294829631412263340

886 CryoSword the Sneak (level 8, -2/39 HPs)
             Began as a Vine Stalker Enchanter on Apr 18, 2022.
             Was an Initiate of Dithmenos.
             Killed from afar by an orc wizard (12 damage)
             ... with a puff of flame
             ... on level 5 of the Dungeon.
             The game lasted 00:06:38 (5121 turns).

CryoSword the Sneak (Vine Stalker Enchanter)        Turns: 5121, Time: 00:06:39

Health: -2/39      AC:  7    Str: 11    XL:     8   Next: 5%
Magic:  0/14       EV: 12    Int: 17    God:    Dithmenos [......]
Gold:   123        SH:  8    Dex: 15    Spells: 3/14 levels left

rFire   . . .      SeeInvis +   a - +1 dagger
rCold   . . .      Faith    .   x - +0 buckler
rNeg    . . .      Spirit   +   b - +0 robe
rPois   .          Reflect  +   n - +1 helmet {SInv}
rElec   .          Harm     .   c - +2 cloak
rCorr   .          Rampage  .   (no gloves)
Will    +....                   (no boots)
Stlth   +++.......              k - amulet of reflection
HPRegen 0.93/turn               (no ring)
MPRegen 0.14/turn               (no ring)

@: no status effects
A: fangs 3, regeneration 1, magic shield, antimagic bite, no potion heal 2
a: Renounce Religion


You were on level 5 of the Dungeon.
You worshipped Dithmenos.
Dithmenos was noncommittal.
You visited 1 branch of the dungeon, and saw 5 of its levels.

You collected 123 gold pieces.

Inventory:

Hand Weapons
 a - a +1 dagger (weapon)
 j - a +0 rapier
   (You found it on level 1 of the Dungeon)
 o - a +1 short sword of draining
   (You took it off a kobold on level 3 of the Dungeon)
Missiles
 f - 7 poisoned darts (quivered)
Armour
 b - a +0 robe (worn)
 c - a +2 cloak (worn)
   (You took it off Crazy Yiuf on level 2 of the Dungeon)
 n - a +1 helmet of see invisible (worn)
   (You took it off Robin on level 2 of the Dungeon)
 x - a +0 buckler (worn)
   (You found it on level 4 of the Dungeon)
Jewellery
 k - an amulet of reflection (around neck)
   (You found it on level 1 of the Dungeon)
 v - a ring of magical power
   (You found it on level 4 of the Dungeon)
Wands
 y - a wand of flame (12)
   (You found it on level 5 of the Dungeon)
Scrolls
 e - 2 scrolls of teleportation {@r4}
 g - a scroll of brand weapon {unknown}
 h - 2 scrolls of magic mapping {unknown}
 i - a scroll of amnesia {unknown}
 l - 2 scrolls of vulnerability {unknown}
 m - 2 scrolls of immolation {unknown}
 q - 2 scrolls of enchant weapon {unknown}
 t - a scroll of blinking {unknown}
 w - a scroll of fear {unknown}
Potions
 d - a potion of lignification {unknown}
 p - 2 potions of degeneration {unknown}
 r - a potion of invisibility
 s - a potion of heal wounds {unknown}
 u - 2 potions of curing {unknown}
 z - a potion of flight {unknown}


   Skills:
 + Level 2.3 Fighting
 * Level 4.0 Short Blades
 - Level 2.0 Dodging
 * Level 6.7 Stealth
 + Level 3.7 Spellcasting
 * Level 5.2 Hexes


You had 3 spell levels left.
You knew the following spells:

 Your Spells              Type           Power      Damage    Failure   Level
a - Ensorcelled Hibernat  Hex/Ice        24%        N/A       12%         2
b - Confusing Touch       Hex            20%        N/A       8%          3
c - Tukima's Dance        Hex            20%        N/A       8%          3
d - Dazzling Flash        Conj/Hex       24%        N/A       22%         3

Your spell library contained the following spells:

 Spells                   Type           Power      Damage    Failure   Level
 Animate Skeleton         Necr           6%         N/A       22%         1
 Apportation              Tloc           6%         N/A       22%         1
 Summon Small Mammal      Summ           12%        N/A       22%         1
 Anguish                  Hex/Necr       6%         N/A       58%         4
 Enfeeble                 Hex            10%        N/A       100%        7


Dungeon Overview and Level Annotations

Branches:
Dungeon (5/15)
 Temple: D:4-7

Altars:
Dithmenos

Annotations:
D:4 2 transporters, GreyArmor's ghost, amateur PaAK


Innate Abilities, Weirdness & Mutations

You have razor-sharp teeth.
Your natural rate of healing is unusually fast.
When hurt, damage is shared between your health and your magic reserves.
Your bite disrupts and absorbs the magic of your enemies.
Potions cannot restore your health.


Message History

Your hands begin to glow red.
The white imp closely misses you.
You hit the white imp but do no damage. You bite the white imp.
The white imp's magic leaks into the air.
You drain its magic.
You feel invigorated. You block the white imp's attack.
You hit the white imp but do no damage.
The white imp appears confused.
You bite the white imp.
The white imp's magic leaks into the air.
You drain its magic.
You feel invigorated.
You hit the white imp but do no damage. You hit the white imp but do no damage.
Your bite misses the white imp. You hit the white imp. You bite the white imp.
The white imp's magic leaks into the air.
You drain its magic.
You feel invigorated. The hound closely misses you.
You hit the white imp.
You kill the white imp!
Dithmenos accepts your kill. The hound bites you.
The hound bites you but does no damage.
You hit the hound. Your bite misses the hound. The hound bites you.
* * * LOW HITPOINT WARNING * * *
You hit the hound. The hound closely misses you.
You miss the hound. The hound bites you.
* * * LOW HITPOINT WARNING * * *
The hound closely misses you.
You barely miss the hound. You block the hound's attack.
You hit the hound.
You kill the hound!
Dithmenos accepts your kill.
A howler monkey zombie comes into view.
A howler monkey zombie is nearby!
A howler monkey zombie is nearby!
You are too injured to fight recklessly!
There is a stone staircase leading up here.
You climb upwards.
Level annotation: 2 transporters, GreyArmor's ghost, amateur PaAK
There is a stone staircase leading down here.
You start resting.
You climb downwards.
There is a stone staircase leading up here.
An orc comes into view. It is wielding a +0 trident.
An orc is nearby!
An orc is nearby!
An orc is nearby! 2 orcs come into view.
The orc shouts! x2; You hear a shout!
An orc comes into view. It is wielding a +0 club.
Aim: an orc, wielding a +0 club (chance to affect: 62%)
The orc looks drowsy...
Aim: an orc, wielding a +0 club (asleep, chance to affect: 70%)
The orc shouts!
The +0 club dances into the air!
An orc wizard comes into view. It is wielding a +0 dagger.
Aim: an orc, wielding a +0 club (chance to affect: 70%)
The +0 club dances into the air!
The orc barely misses you.
The orc wizard casts a spell.
The orc wizard flickers and vanishes for a moment.
Aim: an orc, wielding a +0 dagger and quivering boomerangs (chance to affect: 70%)
The +0 dagger dances into the air!
Your +0 club hits the orc.
The orc misses you.
The orc throws a boomerang.
The boomerang hits you. The orc hits you but does no damage.
You don't have enough magic to cast this spell.
You don't have enough magic to cast this spell.
You hit the orc. You bite the orc.
You kill the orc!
Dithmenos accepts your kill.
Your +0 club hits the orc.
The orc throws a boomerang.
You reflect the boomerang off an invisible shield around you!
The boomerang hits the orc.
You kill the orc!
Dithmenos accepts your kill.
A black bear comes into view.
The orc completely misses you.
Your +0 dagger hits the orc.
Your +0 club hits the orc.
You hit the orc.
You kill the orc!
Dithmenos accepts your kill.
Your +0 dagger hits the orc.
You hit the orc wizard.
The orc hits your +0 club from afar with a +0 trident.
The orc shouts!
You hit the orc wizard but do no damage.
You block the black bear's attack.
The black bear claws you but does no damage. x2
The orc hits you from afar with a +0 trident.
The orc wizard hits you but does no damage.
The black bear bites you. The black bear closely misses you.
The black bear barely misses you. The orc wizard casts a spell at you.
The magic dart hits you.
You see here a +0 club.
Aim: a black bear (chance to affect: 45%)
The black bear looks drowsy...
The helpless black bear fails to defend itself.
You stick the black bear like a pincushion!!!
You kill the black bear!
Dithmenos accepts your kill.
The orc hits you from afar with a +0 trident.
Your Short Blades skill increases to level 4!
You have reached level 8!
You feel agile.
Your teeth grow very long and razor-sharp.
You hit the orc wizard but do no damage.
Your bite misses the orc wizard. You block the orc's attack.
The orc wizard hits you with a +0 dagger.
You barely miss the orc wizard. Your bite misses the orc wizard.
You block the orc's attack.
The orc wizard hits you with a +0 dagger.
You barely miss the orc wizard. Your bite misses the orc wizard.
You closely miss the orc wizard. You block the orc's attack.
The orc wizard gestures at you while chanting.
The magic dart hits you!
You hit the orc wizard. Your bite misses the orc wizard.
The orc hits you but does no damage.
The orc wizard gestures at you while chanting.
You easily resist.
You hit the orc wizard but do no damage.
You block the orc's attack. The orc wizard closely misses you.
You hit the orc wizard but do no damage.
The orc barely misses you.
The orc wizard hits you but does no damage.
You hit the orc wizard.
The orc hits you from afar with a +0 trident.
You block the orc wizard's attack.
You completely miss the orc wizard.
You bite the orc wizard, but do no damage.
The orc hits you from afar with a +0 trident.
You hit the orc wizard. You bite the orc wizard.
The orc wizard's magic leaks into the air.
You drain its magic.
You feel invigorated. The orc wizard casts a spell at you.
The magic dart hits you.
* * * LOW HITPOINT WARNING * * *
You hit the orc wizard but do no damage.
Your bite misses the orc wizard.
The orc hits you from afar with a +0 trident.
* * * LOW HITPOINT WARNING * * *
The orc wizard casts a spell at you. The puff of flame hits you!
* * * LOW HITPOINT WARNING * * *
You hit the orc wizard but do no damage.
Your bite misses the orc wizard. The orc misses you.
The orc wizard barely misses you.
You barely miss the orc wizard. Your bite misses the orc wizard.
The orc wizard's magic is no longer disrupted.
The orc hits you from afar with a +0 trident.
* * * LOW HITPOINT WARNING * * *
The orc wizard hits you but does no damage.
You don't have enough magic to cast this spell.
The orc wizard casts a spell at you. The puff of flame hits you!
You die...

.#. .#.### .....# ## ##
.#...# #.# #. . ...#)#
#.#.#.# #..# .#.).# #.#.#.#
#..# ...#)# #.....## #..###.
.#...# #.#.#..####......
...#.# #.#...@...o......
...#.######.#.....#.#.###.
..................#.#.###.###
.....######.#....o..).(......
.....................)....###
#.........#.#..#..#.#.)##.#
#.........+.<..........# #
..........#............#
#..............#..#.#....


You could see an orc wizard (invisible) and an orc.

Vanquished Creatures
  A black bear (D:5)
  A necrophage (D:4)
  A water moccasin skeleton (D:5)
  3 orc priests
  A centaur skeleton (D:4)
  3 hounds
  Crazy Yiuf (D:2)
  Jessica (D:2)
  3 iguanas
  3 orc wizards
  Natasha (thrice) (D:3)
  Robin (D:2)
  4 adders
  A white imp (D:5)
  An adder skeleton (D:4)
  4 worms
  A dart slug (D:3)
  15 orcs
  7 endoplasms
  2 giant cockroaches
  9 goblins
  10 hobgoblins
  3 jackals (D:3)
  8 kobolds
  5 quokkas
  4 ball pythons
  4 bats
  A frilled lizard (D:2)
  6 rats
107 creatures vanquished.

Vanquished Creatures (others)
  A dancing weapon (D:5)
1 creature vanquished.

Grand Total: 108 creatures vanquished

Notes
Turn   | Place    | Note
-------+----------+-------------------------------------------
     0 | D:1      | CryoSword the Vine Stalker Enchanter began the quest for
                  | the Orb.
     0 | D:1      | Reached XP level 1. HP: 9/9 MP: 4/4
    69 | D:1      | Reached skill level 1 in Short Blades
   204 | D:1      | Reached XP level 2. HP: 8/13 MP: 3/6
   207 | D:1      | Learned a level 2 spell: Ensorcelled Hibernation
   410 | D:1      | Found a faded altar of an unknown god.
   876 | D:2      | Reached XP level 3. HP: 8/17 MP: 3/7
  1196 | D:2      | Noticed Robin
  1490 | D:2      | Identified the +5 mace "Qamp" {vorpal, rF++ Will-}
  1491 | D:2      | Found a runed translucent door.
  1492 | D:2      | Noticed Crazy Yiuf
  1570 | D:2      | Killed Crazy Yiuf
  1571 | D:2      | Reached skill level 4 in Stealth
  1571 | D:2      | Gained mutation: Your natural rate of healing is unusually
                  | fast. [Vine Stalker growth]
  1571 | D:2      | Reached XP level 4. HP: 12/21 MP: 3/8
  1971 | D:2      | Killed Robin
  2068 | D:2      | Noticed Jessica
  2076 | D:2      | Killed Jessica
  2077 | D:2      | Reached skill level 1 in Fighting
  2077 | D:2      | Reached XP level 5. HP: 25/25 MP: 4/10
  2485 | D:3      | Noticed Natasha
  2502 | D:3      | Killed Natasha
  2577 | D:3      | Noticed Natasha
  2594 | D:3      | Killed Natasha
  2595 | D:3      | Reached skill level 5 in Stealth
  2596 | D:3      | Reached XP level 6. HP: 29/30 MP: 4/11
  2945 | D:3      | Learned a level 3 spell: Confusing Touch
  2949 | D:3      | Learned a level 3 spell: Tukima's Dance
  2953 | D:3      | Learned a level 3 spell: Dazzling Flash
  3398 | D:3      | Noticed Natasha
  3405 | D:3      | Killed Natasha
  3613 | D:4      | Noticed a necrophage
  4026 | D:4      | Reached XP level 7. HP: 30/34 MP: 6/12
  4166 | D:4      | Reached skill level 6 in Stealth
  4275 | D:4      | Found a transporter.
  4574 | D:4      | Found a transporter.
  4585 | D:4      | Noticed GreyArmor's ghost (amateur PaAK)
  4800 | D:5      | Entered Level 5 of the Dungeon
  4814 | D:5      | Found a shadowy altar of Dithmenos.
  4958 | D:5      | Became a worshipper of Dithmenos the Shadowed
  4996 | D:5      | Reached skill level 5 in Hexes
  5106 | D:5      | Gained mutation: You have razor-sharp teeth. [Vine Stalker
                  | growth]
  5106 | D:5      | Reached XP level 8. HP: 36/39 MP: 1/14
  5121 | D:5      | Killed from afar by an orc wizard

Illustrated notes

Levels and vault maps discovered:
D:1:      ncdulo_wetmaze, layout_loops_cross, ebering_ecumenical_altar_box
D:2:      layout_loops_ring, uniq_crazy_yiuf_cottage, uniq_robin, uniq_jessica
D:3:      layout_basic, uniq_natasha
D:4:      layout_basic, gammafunk_ghost_mausoleum
D:5:      lemuel_insect_pit, layout_basic, mainiacjoe_overflow_small_starburst,
          hex_tiny

Skill      XL: |  1  2  3  4  5  6  7 |
---------------+----------------------+-----
Short Blades   | 1 2 3 4 |  4.0
Stealth        | 4 5 6 |  6.7
Dodging        | 2 |  2.0
Fighting       | 1 2 |  2.3
Hexes          | 4 5 |  5.2
Spellcasting   | 3 |  3.7

Action                   |  1- 3 |  4- 6 |  7- 9 || total
-------------------------+-------+-------+-------++-------
Melee: Dagger            |    48 |   204 |   115 ||   367
       Bite              |     8 |    61 |    38 ||   107
       Punch             |       |     3 |     1 ||     4
 Cast: Ensorcelled Hiber |     4 |    36 |    19 ||    59
       Tukima's Dance    |       |       |     3 ||     3
       Confusing Touch   |       |       |     3 ||     3
  Use: Scroll            |     1 |       |       ||     1
       Potion            |     1 |       |       ||     1
 Stab: Sleeping          |    10 |    30 |    15 ||    55
       Invisible         |     1 |       |       ||     1
       Confused          |       |       |     2 ||     2
       Distracted        |       |       |     1 ||     1
Armor: Robe              |    12 |    50 |    35 ||    97
Dodge: Dodged            |    35 |    87 |    61 ||   183
Block: Other             |     8 |    30 |    18 ||    56
       Reflection        |       |     1 |     2 ||     3
       Buckler           |       |       |    30 ||    30
